 Dungeon Crawl Stone Soup version 0.31-a0-1308-ga3cce3a448 (webtiles) character file.

Game seed: 2574076079417258186

49963 Ekaitz the Arsonist (level 14, -8/105 HPs)
             Began as a Demonspawn Fire Elementalist on Dec 19, 2023.
             Was a High Priest of Sif Muna.
             Mangled by a death yak (17 damage)
             ... on level 5 of the Lair of Beasts.
             The game lasted 00:48:53 (19605 turns).

Ekaitz the Arsonist (Demonspawn Fire Elementalist) Turns: 19605, Time: 00:48:53

Health: -8/105     AC: 13    Str: 10    XL:     14   Next: 17%
Magic:  11/26      EV: 22    Int: 19    God:    Sif Muna [*****.]
Gold:   999        SH:  0    Dex: 20    Spells: 7/30 levels left

rFire   . . .        E - +2 falchion (heavy)
rCold   . . .        (no shield)
rNeg    + . .        J - +0 troll leather armour
rPois   .            p - +0 helmet
rElec   .            O - +0 cloak
rCorr   .            T - +2 pair of gloves
SInv    +            S - +1 pair of boots {Fly}
Will    +....        (no amulet)
Stlth   +++          L - ring "Diyfies" {rN+ Dex+6 SInv}
HPRegen 1.17/turn    H - +5 ring of evasion
MPRegen 0.20/turn

%: no passive effects
@: channelling, flying
A: ignite blood 1, spiny 1, sharp scales 3, demonic touch 2
a: Renounce Religion, Channel Magic, Forget Spell, Divine Exegesis


You were on level 5 of the Lair of Beasts.
You worshipped Sif Muna.
Sif Muna was extremely pleased with you.
You visited 3 branches of the dungeon, and saw 19 of its levels.

You collected 1429 gold pieces.
You spent 430 gold pieces at shops.

Inventory:

Hand Weapons
 a - a +4 dagger of chaos
 c - a +2 great sword of freezing
 y - the +9 sling of Foolhardiness {freeze, rElec Dex+4}
   (You found it on level 4 of the Dungeon)

   Dex+4:     It affects your dexterity (+4).
   rElec:     It insulates you from electricity.
 E - a +2 heavy falchion (weapon)
 P - a +5 halberd
Missiles
 g - 41 poisoned darts
 G - a throwing net
 Y - 4 datura-tipped darts
Armour
 p - a +0 helmet (worn)
 J - a +0 troll leather armour (worn)
 O - a +0 cloak (worn)
 S - a +1 pair of boots of flying (worn)
 T - a +2 pair of gloves (worn)
 X - a +1 robe of cold resistance
Magical Staves
 C - a staff of conjuration
Jewellery
 s - a ring of protection from fire
 H - a +5 ring of evasion (right hand)
 K - a +6 ring of intelligence
 L - the ring "Diyfies" (left hand) {rN+ Dex+6 SInv}
   (You bought it in a shop on level 7 of the Dungeon)

   [ring of dexterity]

   Dex+6:     It affects your dexterity (+6).
   rN+:       It protects you from negative energy.
   SInv:      It lets you see invisible.
Wands
 k - a wand of mindburst (7)
 w - a wand of light (54)
 B - a wand of polymorph (17)
 D - a wand of digging (13)
 N - a wand of flame (29)
 Q - a wand of paralysis (5)
 Z - a wand of roots (12)
Scrolls
 d - 2 scrolls of enchant weapon {unknown}
 f - 2 scrolls of fear {unknown}
 h - 3 scrolls of vulnerability {unknown}
 i - 4 scrolls of fog {unknown}
 l - 6 scrolls of blinking {unknown}
 o - 2 scrolls of poison {unknown}
 r - 9 scrolls of teleportation {unknown}
 u - 2 scrolls of enchant armour {unknown}
 v - 2 scrolls of noise {unknown}
 z - 3 scrolls of revelation {unknown}
 I - a scroll of amnesia
 M - a scroll of butterflies
Potions
 b - 3 potions of magic
 e - 5 potions of attraction
 j - 3 potions of resistance
 m - 2 potions of invisibility
 n - a potion of brilliance {unknown}
 q - 3 potions of ambrosia
 t - 2 potions of berserk rage {unknown}
 x - 4 potions of curing
 A - 3 potions of lignification {unknown}
 F - a potion of haste
 U - 2 potions of cancellation {unknown}
 W - 4 potions of might


   Skills:
 * Level 8.2 Fighting
 + Level 5.1 Long Blades
 + Level 0.5 Staves
 + Level 2.9 Armour
 * Level 8.2 Dodging
 + Level 4.0 Stealth
 + Level 8.9 Spellcasting
 * Level 8.5 Conjurations
 + Level 5.5 Hexes
 * Level 5.5 Summonings
 + Level 6.0 Translocations
 * Level 11.0 Fire Magic
 * Level 8.4 Invocations


You had 7 spell levels left.
You knew the following spells:

 Your Spells              Type           Power      Damage    Failure   Level
a - Foxfire               Conj/Fire      100%       2x1d9     1%          1
b - Scorch                Fire           100%       2d9       1%          2
c - Volatile Blastmotes   Fire/Tloc      80%        2d16      1%          3
d - Flame Wave            Conj/Fire      45%        2d12      1%          4
e - Iskenderun's Mystic   Conj/Tloc      36%        2d9       5%          4
f - Call Canine Familiar  Summ           29%        N/A       3%          3
i - Inner Flame           Hex/Fire       39%        N/A       1%          3
k - Blink                 Tloc           62%        N/A       1%          2
p - Apportation           Tloc           62%        N/A       1%          1

Your spell library contained the following spells:

 Spells                   Type           Power      Damage    Failure   Level
 Summon Small Mammal      Summ           100%       N/A       1%          1
 Lesser Beckoning         Tloc           62%        N/A       1%          2
 Momentum Strike          Conj/Tloc      72%        3d10      1%          2
 Gell's Gravitas          Tloc           31%        N/A       2%          3
 Teleport Other           Tloc           31%        N/A       2%          3
 Summon Guardian Golem    Hex/Summ       29%        N/A       3%          3
 Tukima's Dance           Hex            29%        N/A       3%          3
 Hailstorm                Conj/Ice       24%        3d7       6%          3
 Passage of Golubria      Tloc           31%        N/A       9%          4
 Dimensional Bullseye     Hex/Tloc       15%        N/A       10%         4
 Freeze                   Ice            32%        1d5       11%         1
 Necrotise                Necr           32%        1d5       11%         1
 Summon Forest            Summ/Tloc      15%        N/A       28%         5
 Vhi's Electric Charge    Tloc/Air       38%        N/A       30%         4
 Summon Mana Viper        Hex/Summ       29%        N/A       30%         5
 Frozen Ramparts          Ice            16%        1d3       32%         3
 Ozocubu's Armour         Ice            8%         N/A       32%         3
 Arcjolt                  Conj/Air       12%        1d22      47%         5
 Metabolic Englaciation   Hex/Ice        9%         N/A       69%         5
 Silence                  Hex/Air        9%         N/A       69%         5
 Summon Cactus Giant      Summ           14%        N/A       86%         6
 Simulacrum               Ice/Necr       4%         N/A       100%        6
 Lehudib's Crystal Spear  Conj/Erth      12%        10d4      100%        8
 Maxwell's Capacitive Co  Air            4%         ∞         100%        8
 Chain Lightning          Conj/Air       12%        3d16      100%        9
 Fire Storm               Conj/Fire      22%        8d6       100%        9
 Shatter                  Erth           4%         3d7*      100%        9


Dungeon Overview and Level Annotations

Branches:
Dungeon (13/15)            Temple (1/1) D:7            Lair (5/5) D:9
 Shoals (0/4) Lair:2       Spider (0/4) Lair:2          Orc (0/2) D:10
 Vaults (0/5) D:13
  Slime: Lair:4-5

Altars:
Ashenzari
Cheibriados
Dithmenos
Fedhas
Gozag
Hepliaklqana
Kikubaaqudgha
Makhleb
Nemelex Xobeh
Okawaru
Qazlal
Ru
Sif Muna
Trog
Uskayaw
Vehumet
Wu Jian
Xom
Yredelemnul

Shops:
D:4 (   D:5 *   D:7 *

Annotations:
D:6 2 transporters, Cadnt's ghost, novice BaFi
D:13 Urug
Lair:5 1 transporter, DoNotCum's ghost, journeyman DECj


Innate Abilities, Weirdness & Mutations

Your demonic aura sometimes causes spilled blood to erupt in flames.
You are partially covered in sharp spines.
You are completely covered in razor-sharp scales. (AC +3, Slay +3)
Your touch may inflict irresistible damage on your foes.


Message History

Aim: a death yak (almost dead, more vulnerable to fire, 90% to hit)
The bolt of light hits the death yak!
The death yak is almost dead.
The death yak is blinded.
The bolt of light hits the death yak!
You kill the death yak!
Sif Muna accepts your kill.
The forest fire spreads!
Your Stealth skill increases to level 4!
Unknown command.
Unknown command.
Unknown command.
The forest fire spreads!
Unknown command.
Casting: Scorch (safe; 1% risk of failure)
Confirm with . or Enter, or press ? or * to list all spells.
Casting: Flame Wave (mildly dangerous; 1% risk of failure)
Press: ? - help, Dir - look around, f - activate A wave of flame ripples out!
The tree burns like a torch!
The flame wave engulfs the death yak!!
The death yak is moderately wounded. (Press . to intensify the flame waves.)
The wolf is engulfed in blazing flames.
The death yak is engulfed in blazing flames.
The death yak gores you!
* * * LOW HITPOINT WARNING * * *
The wolf is engulfed in a forest fire.
The death yak is engulfed in blazing flames.
The forest fire spreads!
A wave of flame ripples out!
The flame wave engulfs the wolf.
The wolf is almost dead.
The flame wave engulfs the death yak.
The death yak is heavily wounded.
The flame wave engulfs the death yak!
The death yak is severely wounded.
The tree burns like a torch!
The wolf is engulfed in a forest fire.
You kill the wolf!
Sif Muna accepts your kill.
The death yak is engulfed in blazing flames.
The death yak gores you!
You die...

♣♣♣♣♣♣♣ ♣♣♣.....♣♣♣
♣♣...§§§...♣♣♣♣ ♣♣
♣♣)..♣§§§§§†...♣♣♣
♣.♣♣♣.♣♣♣♣§§@§§♣.....♣
♣..♣...♣♣♣§§YY§♣|.)..♣♣♣#
♣..).....[.§..§..♣....♣.###
♣♣......♣..§§....♣♣♣♣.....#
#
♣♣..))♣.....†Y..♣♣♣♣♣...†)#
# ♣.....♣♣...†.°.♣♣
♣.....)## #
♣8....♣♣♣......♣
♣♣...#..### ♣[....♣
♣♣♣♣♣..♣ ♣...#.†....
♣.....♣ ♣...♣ ♣.....#†....


You could see 3 death yaks.

Vanquished Creatures
  Josephine (D:11)
  Fannar (D:11)
  2 hydras
  A vault guard (D:13)
  2 centaur warriors
  3 two-headed ogres
  7 death yaks
  3 skysharks
  A glowing orange brain (D:13)
  A cyclops (D:13)
  2 lindwurms
  2 manticores
  An ugly thing (D:12)
  Maurice (D:7)
  4 black mambas
  15 cane toads
  2 unseen horrors
  Maggie (D:7)
  8 komodo dragons
  Psyche (D:8)
  2 rime drakes (Lair:5)
  6 trolls
  4 polar bears
  A wind drake (Lair:2)
  15 blink frogs
  2 hornets
  2 dream sheep (Lair:5)
  6 wraiths
  3 jumping spiders (Lair:2)
  9 slime creatures
  8 spriggans (Lair:5)
  24 yaks
  6 wyverns
  A vampire (D:9)
  A warg (D:9)
  3 steam dragons
  A redback (Lair:2)
  5 basilisks
  Edmund (D:6)
  Menkaure (D:4)
  4 vampire mosquitoes (D:13)
  16 water moccasins
  5 orc warriors
  4 sky beasts
  2 ice beasts
  5 black bears
  21 wolves
  2 ogres (D:5)
  4 boggarts (Lair:5)
  3 centaurs
  2 phantoms
  3 kobold brigands
  2 scorpions
  14 bullfrogs
  3 wights (D:8)
  8 killer bees
  7 electric eels
  2 howler monkeys
  A gnoll bouda (D:6)
  2 jellies (D:7)
  8 orc priests
  2 hounds
  4 iguanas
  4 sleepcaps
  Natasha (thrice) (D:4)
  18 orc wizards
  7 hell rats (Lair:1)
  10 gnolls
  12 adders
  2 shadow imps (D:7)
  A worm (D:2)
  2 dart slugs
  55 orcs
  10 ball pythons
  10 endoplasms
  4 giant cockroaches
  10 goblins
  6 hobgoblins
  12 jackals
  5 quokkas
  7 bats
  11 frilled lizards
  20 kobolds
  4 rats
497 creatures vanquished.

Vanquished Creatures (collateral kills)
  A hornet (Lair:5)
  A wyvern (Lair:2)
  A wolf (Lair:5)
  12 foxfires
15 creatures vanquished.

Vanquished Creatures (others)
  1057 foxfires
1057 creatures vanquished.

Grand Total: 1569 creatures vanquished

Notes
Turn   | Place    | Note
-------+----------+-------------------------------------------
     0 | D:1      | Ekaitz the Demonspawn Fire Elementalist began the quest for
                  | the Orb.
     0 | D:1      | Reached XP level 1. HP: 13/13 MP: 3/3
   318 | D:1      | Reached skill level 3 in Fire Magic
   319 | D:1      | Gained mutation: You are partially covered in razor-sharp
                  | scales. (AC +1, Slay +1) [demonic ancestry]
   319 | D:1      | Reached XP level 2. HP: 18/19 MP: 0/5
   361 | D:1      | Learned a level 2 spell: Scorch
  1062 | D:2      | Gained mutation: You are partially covered in sharp spines.
                  | [demonic ancestry]
  1062 | D:2      | Reached XP level 3. HP: 24/24 MP: 0/6
  1195 | D:2      | Found a burning altar of Makhleb.
  1273 | D:2      | Gained mutation: Your demonic aura sometimes causes spilled
                  | blood to erupt in flames. [demonic ancestry]
  1273 | D:2      | Reached XP level 4. HP: 31/31 MP: 2/7
  1286 | D:2      | Learned a level 3 spell: Volatile Blastmotes
  1525 | D:2      | Reached skill level 1 in Long Blades
  2218 | D:3      | Reached XP level 5. HP: 35/36 MP: 0/8
  2530 | D:3      | Reached skill level 1 in Fighting
  2782 | D:4      | Found Diggicoc's Weapon Shoppe.
  2790 | D:4      | Noticed Menkaure
  2799 | D:4      | Killed Menkaure
  2800 | D:4      | Reached skill level 1 in Translocations
  2800 | D:4      | Gained mutation: You are mostly covered in razor-sharp
                  | scales. (AC +2, Slay +2) [demonic ancestry]
  2800 | D:4      | Reached XP level 6. HP: 18/43 MP: 0/9
  3084 | D:4      | Identified the +9 sling of Foolhardiness {freeze, rElec
                  | Dex+4}
  3133 | D:4      | Learned a level 3 spell: Inner Flame
  3334 | D:4      | Reached skill level 4 in Fire Magic
  3733 | D:4      | Found an iron altar of Okawaru.
  3737 | D:4      | Noticed Natasha
  3749 | D:4      | Killed Natasha
  3760 | D:4      | Noticed Natasha
  3766 | D:4      | Killed Natasha
  3767 | D:4      | Reached XP level 7. HP: 34/49 MP: 3/11
  4007 | D:5      | Entered Level 5 of the Dungeon
  4175 | D:4      | Noticed Natasha
  4185 | D:4      | Killed Natasha
  4420 | D:5      | Noticed a steam dragon
  4427 | D:5      | Killed a steam dragon
  4428 | D:5      | Reached skill level 1 in Hexes
  4907 | D:5      | Found Vohunwywn's CLEARANCE SALE!.
  4915 | D:5      | Bought a scroll of identify for 12 gold pieces
  4997 | D:5      | Gained mutation: Your touch may inflict minor irresistible
                  | damage on your foes. [demonic ancestry]
  4997 | D:5      | Reached XP level 8. HP: 57/57 MP: 5/12
  5198 | D:5      | Learned a level 1 spell: Apportation
  5521 | D:6      | Noticed Edmund
  5527 | D:6      | Killed Edmund
  5528 | D:6      | Reached skill level 5 in Fire Magic
  5633 | D:6      | Noticed a gargoyle
  5634 | D:6      | Found a transporter.
  5658 | D:6      | Noticed a boulder beetle
  5660 | D:6      | Found a transporter.
  5663 | D:6      | Noticed Cadnt's ghost (novice BaFi)
  5692 | D:6      | Learned a level 4 spell: Flame Wave
  5860 | D:6      | Found a sacrificial altar of Ru.
  5951 | D:6      | Noticed a troll
  5953 | D:6      | Killed a troll
  5964 | D:6      | Reached XP level 9. HP: 39/63 MP: 8/15
  6398 | D:7      | Reached skill level 6 in Fire Magic
  6423 | D:7      | Noticed Maggie
  6429 | D:7      | Killed Maggie
  6516 | D:7      | Found a sparkling altar of Nemelex Xobeh.
  6533 | D:7      | Found Fupnael's Assorted Antiques.
  6589 | D:7      | Bought a scroll labelled QARAMA PERCHO for 27 gold pieces
  6589 | D:7      | Bought a transparent wooden ring for 135 gold pieces
  6589 | D:7      | Identified the ring "Diyfies" {rN+ Dex+6 SInv} (You bought
                  | it in a shop on level 7 of the Dungeon)
  6589 | D:7      | Bought a scroll labelled VAQINGUECA for 27 gold pieces
  6589 | D:7      | Bought a scroll labelled QARAMA PERCHO for 27 gold pieces
  6614 | D:7      | Noticed Maurice
  6670 | D:7      | Killed Maurice
  6779 | D:7      | Found a staircase to the Ecumenical Temple.
  6792 | Temple   | Entered the Ecumenical Temple
  6811 | Temple   | Became a worshipper of Sif Muna the Loreminder
  7290 | D:8      | Reached skill level 5 in Spellcasting
  7416 | D:8      | Reached XP level 10. HP: 71/71 MP: 17/17
  7653 | D:8      | Found a shimmering altar of Xom.
  7757 | D:8      | Reached skill level 5 in Conjurations
  7762 | D:8      | Reached skill level 5 in Dodging
  7766 | D:8      | Reached skill level 1 in Armour
  7890 | D:8      | Noticed Psyche
  7899 | D:8      | Killed Psyche
  8166 | D:9      | Noticed a two-headed ogre
  8182 | D:9      | Killed a two-headed ogre
  8182 | D:9      | Reached * piety under Sif Muna
  8183 | D:9      | Reached skill level 7 in Fire Magic
  8285 | D:9      | Reached skill level 1 in Invocations
  9014 | D:9      | Found a staircase to the Lair.
  9426 | D:10     | Entered Level 10 of the Dungeon
  9478 | D:10     | Reached skill level 5 in Fighting
  9482 | D:10     | Reached XP level 11. HP: 65/79 MP: 5/19
  9549 | D:10     | Reached ** piety under Sif Muna
  9915 | D:7      | Bought a pair of embroidered boots for 202 gold pieces
  9986 | D:10     | Reached skill level 8 in Fire Magic
 10424 | D:10     | Learned a level 4 spell: Iskenderun's Mystic Blast
 10428 | D:10     | Learned a level 3 spell: Call Canine Familiar
 10552 | D:10     | Found a staircase to the Orcish Mines.
 10762 | D:11     | Noticed Josephine
 10824 | D:11     | Killed Josephine
 11116 | D:11     | Noticed Fannar
 11343 | D:11     | Noticed a two-headed ogre
 11351 | D:11     | Killed a two-headed ogre
 11352 | D:11     | Reached skill level 1 in Summonings
 11423 | D:11     | Reached *** piety under Sif Muna
 11461 | D:11     | Killed Fannar
 11943 | D:11     | Noticed a centaur warrior
 11949 | D:11     | Killed a centaur warrior
 12506 | D:12     | Noticed a cyan ugly thing
 12515 | D:12     | Killed a cyan ugly thing
 13004 | D:12     | Reached skill level 9 in Fire Magic
 13367 | D:13     | Noticed a centaur warrior
 13369 | D:13     | Killed a centaur warrior
 13370 | D:13     | Reached skill level 5 in Invocations
 13370 | D:13     | Gained mutation: Your touch may inflict irresistible damage
                  | on your foes. [demonic ancestry]
 13370 | D:13     | Reached XP level 12. HP: 71/88 MP: 22/22
 13390 | D:13     | Noticed a two-headed ogre
 13391 | D:13     | Noticed a four-headed hydra
 13396 | D:13     | Killed a two-headed ogre
 13398 | D:13     | Killed a five-headed hydra
 13899 | D:13     | Noticed a vault guard
 13901 | D:13     | Reached skill level 5 in Translocations
 13911 | D:13     | Killed a vault guard
 13913 | D:13     | Found a gate to the Vaults.
 14043 | D:13     | Noticed Urug
 14161 | Lair:1   | Entered Level 1 of the Lair of Beasts
 14549 | Lair:1   | Reached **** piety under Sif Muna
 14954 | Lair:1   | Reached skill level 10 in Fire Magic
 15508 | Lair:2   | Reached XP level 13. HP: 80/95 MP: 10/24
 15780 | Lair:2   | Reached skill level 5 in Hexes
 15814 | Lair:2   | Found a staircase to the Shoals.
 15952 | Lair:2   | Found a hole to the Spider Nest.
 15966 | Lair:2   | Reached ***** piety under Sif Muna
 16890 | Lair:3   | Reached skill level 5 in Long Blades
 17424 | Lair:3   | You are sucked into a shaft and drop 2 floors!
 17424 | Lair:5   | Entered Level 5 of the Lair of Beasts
 17745 | Lair:4   | Reached skill level 5 in Summonings
 19013 | Lair:5   | Found a transporter.
 19091 | Lair:5   | Noticed DoNotCum's ghost (journeyman DECj)
 19358 | Lair:5   | Paralysed by a hornet for 2 turns
 19395 | Lair:5   | Received a gift from Sif Muna
 19396 | Lair:5   | Gained mutation: You are completely covered in razor-sharp
                  | scales. (AC +3, Slay +3) [demonic ancestry]
 19396 | Lair:5   | Reached XP level 14. HP: 76/105 MP: 20/26
 19579 | Lair:5   | Learned a level 2 spell: Blink
 19596 | Lair:5   | Reached skill level 11 in Fire Magic
 19605 | Lair:5   | Mangled by a death yak

Illustrated notes

Levels and vault maps discovered:
D:1:      dpeg_arrival_arbitrary_b, layout_basic, minmay_heptomino_w4
D:2:      layout_basic, basic_altar, mrwooster_statue_mirror, minmay_lizard_pond
D:3:      layout_basic, minmay_vboxes
D:4:      layout_layer_cave, overflow_temple_1_default, serial_shops,
          nicolae_shop_hallway_plus, uniq_menkaure, uniq_natasha
D:5:      layout_gridville, nicolae_overflow_hidden_temple,
          nicolae_shop_clearance
D:6:      layout_loops_ring, nicolae_ru_great_annihilating_truth,
          gammafunk_ghost_arena, uniq_edmund
D:7:      layout_basic, general_overflow_altar,
          minmay_temple_entry_enclosed_plants, serial_shops, shop, uniq_maurice,
          uniq_maggie
D:8:      layout_loops_ring, mainiacjoe_overflow_cross_hatched, uniq_psyche
D:9:      layout_loops_ring, erik_lair_orcish_takeover
D:10:     layout_basic, erik_orc_2
D:11:     layout_basic, uniq_josephine, uniq_fannar
D:12:     layout_layer_cave
D:13:     layout_small_grid, hellmonk_vaults_order_and_chaos, uniq_urug
Temple:   minmay_crystal_spiral_temple
Lair:1:   layout_regular_city, grunt_megastairs_4, serial_bayou_shore_b
Lair:2:   layout_chaotic_city, minmay_shoals_entry_beasts, spider_nest_entry_a,
          beast_lair_carwin_9, serial_bayou_shore_a
Lair:3:   layout_roguey, grunt_megastairs_3, infiniplex_staircase_pool
Lair:4:   layout_layer_cave, serial_bayou, serial_bayou_lake_a,
          serial_bayou_lagoon_a, serial_bayou_shore_b, serial_bayou_pond_c,
          serial_bayou_pond_b, serial_bayou_pond_a
Lair:5:   minmay_lair_end_enchanted_forest, layout_hall_layers, slime_entry_1,
          nzn_ghost_randoct, serial_bayou_shore_b

Skill      XL: |  1  2  3  4  5  6  7  8  9 10 11 12 13 14 |
---------------+-------------------------------------------+-----
Fire Magic     | 3 4 5 6 7 9 10 11 | 11.0
Dodging        | 2 3 4 5 6 7 8 |  8.2
Stealth        | 2 3 4 |  4.0
Long Blades    | 1 2 3 4 5 |  5.1
Conjurations   | 2 3 4 5 6 7 8 |  8.5
Fighting       | 1 2 3 4 5 6 8 |  8.2
Translocations | 1 2 3 4 6 |  6.0
Spellcasting   | 3 4 5 7 8 |  8.9
Hexes          | 1 2 3 4 5 |  5.5
Armour         | 1 2 |  2.9
Invocations    | 2 5 6 8 |  8.4
Summonings     | 2 4 5 |  5.5
Staves         | |  0.5

Action                     |  1- 3 |  4- 6 |  7- 9 | 10-12 | 13-15 || total
---------------------------+-------+-------+-------+-------+-------++-------
  Melee: Lajatang          |    30 |       |       |       |       ||    30
         Great sword       |    14 |    61 |     6 |       |       ||    81
         Falchion          |       |       |    56 |   180 |   142 ||   378
         Touch             |       |       |    11 |    50 |    36 ||    97
         Punch             |       |       |     1 |       |     2 ||     3
   Cast: Foxfire           |    39 |    53 |   112 |   277 |   129 ||   610
         Scorch            |       |     2 |    35 |    74 |    63 ||   174
         Inner Flame       |       |       |     5 |    12 |    23 ||    40
         Volatile Blastmot |       |       |     1 |    14 |     2 ||    17
         Flame Wave        |       |       |       |     4 |     2 ||     6
         Call Canine Famil |       |       |       |     5 |    21 ||    26
         Iskenderun's Myst |       |       |       |     2 |     6 ||     8
         Blink             |       |       |       |       |     1 ||     1
 Invoke: Channel Magic     |       |       |       |       |     2 ||     2
  Evoke: Wand              |       |       |       |       |     1 ||     1
    Use: Scroll            |       |       |     1 |     8 |       ||     9
         Potion            |       |       |       |       |     2 ||     2
   Stab: Sleeping          |       |     2 |     4 |     3 |     5 ||    14
         Paralysed         |       |       |     1 |       |       ||     1
         Distracted        |       |       |       |       |     1 ||     1
 Armour: Robe              |    35 |    45 |    39 |       |       ||   119
         Troll leather arm |       |       |    14 |   200 |   202 ||   416
  Dodge: Dodged            |    54 |    42 |    66 |   335 |   308 ||   805

Table legend: (Time is in decaauts)
 A = Elapsed time spent in this place.
 B = Non-inter-level travel time spent in this place.
 C = Inter-level travel time spent in this place.
 D = Time resting spent in this place.
 E = Time spent auto-exploring this place.
 F = Levels seen in this place.
 G = Mean time per level.
                   A        B        C        D        E       F      G
               +--------+--------+--------+--------+--------+-----+--------+
         Total |  19937 |  18944 |    993 |    634 |  14556 |  19 | 1049.3 |
       Dungeon |  14330 |  13474 |    856 |    159 |  10727 |  13 | 1102.3 |
        Temple |     38 |      1 |     37 |      0 |      0 |   1 |   38.0 |
          Lair |   5568 |   5469 |     99 |    475 |   3829 |   5 | 1113.6 |
               +--------+--------+--------+--------+--------+-----+--------+

Top non-repeatable levels by time:
     D:4: 1463 daAuts
    D:11: 1444 daAuts
  Lair:2: 1338 daAuts
    D:12: 1300 daAuts
     D:9: 1273 daAuts
  Lair:1: 1247 daAuts
    D:10: 1209 daAuts
  Lair:4: 1174 daAuts
     D:5: 1147 daAuts
     D:1: 1048 daAuts
     D:6: 1027 daAuts
     D:7: 992 daAuts
     D:8: 987 daAuts
  Lair:3: 963 daAuts
     D:2: 916 daAuts
